 Dungeon Crawl Stone Soup version 0.16.0-7-ge91f220 (webtiles) character file.

1327 Fluffy the Carver (level 8, 0/51 HPs)
             Began as a High Elf Skald on Mar 15, 2015.
             Was a Follower of Dithmenos.
             Slain by Sigmund
             ... wielding a +0 scythe
              (12 damage)
             ... on level 6 of the Dungeon.
             The game lasted 00:37:23 (7753 turns).

Fluffy the Carver (High Elf Skald)                  Turns: 7753, Time: 00:37:23

Health: 0/51       AC:  4    Str: 11    XL:     8   Next: 34%
Magic:  4/20       EV: 13    Int: 19    God:    Dithmenos [*.....]
Gold:   251        SH:  0    Dex: 18    Spells: 5 memorised, 3 levels left

rFire  + . .     SeeInvis .     t - +0 long sword
rCold  . . .     Clarity  .     b - +1 leather armour
rNeg   . . .     SustAb   .     (no shield)
rPois  .         Gourm    .     (no helmet)
rElec  .         Spirit   .     (no cloak)
rCorr  .         Warding  .     (no gloves)
rMut   .         Stasis   .     (no boots)
MR     .....                    (no amulet)
Stlth  ++........               w - +4 ring of dexterity
                                g - ring of protection from fire

@: shrouded, very slightly contaminated, regenerating (expiring), wreathed by
umbra, not resistant to hostile enchantments, unstealthy
A: no striking features
a: Renounce Religion


You were on level 6 of the Dungeon.
You worshipped Dithmenos.
Dithmenos was aware of your devotion.
You were hungry.

You visited 1 branch of the dungeon, and saw 6 of its levels.

You collected 251 gold pieces.

Inventory:

Hand weapons
 t - a +0 long sword (weapon)
Armour
 b - a +1 leather armour (worn)
Jewellery
 g - a ring of protection from fire (left hand)
 w - a +4 ring of dexterity (right hand)
Magical devices
 q - a wand of digging (10)
 x - a wand of draining (8)
Scrolls
 a - a scroll of amnesia
 o - a scroll of remove curse
 r - a scroll of teleportation
 s - a scroll of recharging
Potions
 e - a potion of curing
 f - a potion of cure mutation
 h - 2 potions of brilliance
 i - a potion of ambrosia {unknown}
 j - 2 potions of restore abilities {unknown}
 k - 2 potions of heal wounds {unknown}
 l - a potion of cancellation {unknown}
 p - a potion of degeneration {unknown}
 u - a potion of invisibility {unknown}
Books
 c - a book of Battle

   Spells                             Type                      Level
   a - Infusion                       Charms                       1
   b - Shroud of Golubria             Charms/Translocation         2
   c - Song of Slaying                Charms                       2
   d - Spectral Weapon                Hexes/Charms                 3
   e - Regeneration                   Charms/Necromancy            3
Comestibles
 d - 3 bread rations
 m - 2 slices of pizza
 n - 5 fruits
 v - 5 chunks of flesh
 z - a meat ration


   Skills:
 - Level 2.6 Fighting
 + Level 9.3 Long Blades
 - Level 0.8 Armour
 - Level 2.5 Dodging
 - Level 3.6 Spellcasting
 - Level 2.8 Hexes
 - Level 4.1 Charms
 - Level 3.0 Necromancy
 - Level 1.3 Translocations


You had 3 spell levels left.
You knew the following spells:

 Your Spells              Type           Power        Failure   Level  Hunger
a - Infusion              Chrm           ###...       3%          1    None
b - Song of Slaying       Chrm           ###.....     6%          2    ##.....
c - Shroud of Golubria    Chrm/Tloc      ##........   12%         2    ##.....
d - Regeneration          Chrm/Necr      ###.......   14%         3    ###....
e - Spectral Weapon       Hex/Chrm       ###.....     17%         3    ###....


Dungeon Overview and Level Annotations

Branches:
Dungeon (6/15)             Temple (0/1) D:5

Altars:
Dithmenos
Gozag
Makhleb
Ru
Zin
The Shining One

Annotations:
D:6 Sigmund


Message History

Your skin crawls.
Something barely misses you.
Casting: Regeneration
Confirm with . or Enter, or press ? or * to list all spells.
You don't have enough magic to cast that spell.
You hit something. You miss something. Something hits you!
* * * LOW HITPOINT WARNING * * *
Drink which item? (? for menu, Esc to quit)
Okay, then.
You closely miss something. You closely miss something. Something hits you.
* * * LOW HITPOINT WARNING * * *
You hit something. Something hits you but does no damage.
You barely miss something. You closely miss something.
Your skin is crawling a little less now.
Something barely misses you.
You barely miss something. You hit something! Something hits you!
You die...

####### ####
#.....##########.....
##.....##.............#
........................
##......................
........................
.....................#
.<†...###.......@....#
..#.............{....#
#.#..........#.......#
.............#....†..#
#............#.......#
........####.........#
#...#<### #...........
........ ..........>....
.......## .............


There were no monsters in sight!

Vanquished Creatures
  2 sky beasts
  An ice beast (D:4)
  2 phantoms
  A giant frog zombie (D:5)
  3 crimson imps
  A centaur skeleton (D:4)
  3 hounds
  An orc priest (D:5)
  An iguana (D:4)
  5 worker ants
  6 orc wizards
  Ijyb (D:5)
  A hound skeleton (D:4)
  3 gnolls
  5 adders
  2 giant mites
  A shadow imp (D:5)
  4 worms
  4 giant geckos
  2 oozes
  14 orcs
  3 ball pythons
  A bat skeleton (D:4)
  5 giant cockroaches
  11 hobgoblins
  20 kobolds
  4 quokkas
  14 bats
  A giant gecko skeleton (D:5)
  A giant gecko zombie (D:5)
  10 giant newts
  15 goblins
  10 jackals
  10 rats
168 creatures vanquished.

Notes
Turn   | Place    | Note
--------------------------------------------------------------
     0 | D:1      | Fluffy, the High Elf Skald, began the quest for the Orb.
     0 | D:1      | Reached XP level 1. HP: 14/14 MP: 4/4
   549 | D:1      | Reached XP level 2. HP: 16/19 MP: 1/6
   553 | D:1      | Learned a level 2 spell: Song of Slaying
   556 | D:1      | Learned a level 2 spell: Shroud of Golubria
  1500 | D:2      | Reached skill level 4 in Charms
  1500 | D:2      | Reached XP level 3. HP: 23/25 MP: 0/8
  1836 | D:2      | HP: 1/25 [gnoll/whip (3)]
  1918 | D:1      | Reached skill level 1 in Translocations
  1918 | D:1      | Reached XP level 4. HP: 8/30 MP: 4/11
  3251 | D:3      | Found a glowing silver altar of Zin.
  3251 | D:3      | Found an opulent altar of Gozag.
  3719 | D:3      | Reached XP level 5. HP: 19/35 MP: 11/14
  4137 | D:3      | Noticed an ogre
  4832 | D:4      | Learned a level 3 spell: Regeneration
  4836 | D:4      | Learned a level 3 spell: Spectral Weapon
  5138 | D:4      | Reached skill level 5 in Long Blades
  5202 | D:4      | Reached XP level 6. HP: 25/41 MP: 12/17
  5414 | D:4      | Reached skill level 6 in Long Blades
  5422 | D:4      | Found a shadowy altar of Dithmenos.
  5452 | D:4      | Became a worshipper of Dithmenos the Shadowed
  5825 | D:4      | Noticed an ice beast
  5855 | D:4      | Killed an ice beast
  5855 | D:4      | Reached skill level 1 in Necromancy
  6126 | D:4      | Reached XP level 7. HP: 39/45 MP: 19/19
  6203 | D:4      | Noticed a phantom
  6226 | D:4      | Killed a phantom
  6226 | D:4      | Reached skill level 7 in Long Blades
  6226 | D:4      | Reached skill level 1 in Hexes
  6445 | D:5      | Entered Level 5 of the Dungeon
  6543 | D:5      | Found a sacrificial altar of Ru.
  6554 | D:5      | Noticed Ijyb
  6564 | D:5      | Killed Ijyb
  6612 | D:5      | Found a glowing golden altar of the Shining One.
  6964 | D:5      | Reached XP level 8. HP: 24/51 MP: 17/20
  7013 | D:5      | Reached skill level 8 in Long Blades
  7434 | D:5      | Found a staircase to the Ecumenical Temple.
  7608 | D:5      | Found a burning altar of Makhleb.
  7680 | D:6      | Reached skill level 9 in Long Blades
  7718 | D:6      | Noticed Sigmund
  7753 | D:6      | Slain by Sigmund

Action                   |  1- 3 |  4- 6 |  7- 9 || total
-------------------------+-------+-------+-------++-------
Melee: Falchion          |   127 |   187 |       ||   314
       Long sword        |       |    64 |   180 ||   244
 Cast: Infusion          |    14 |    19 |    12 ||    45
       Shroud of Golubri |     6 |    23 |    18 ||    47
       Song of Slaying   |     2 |     5 |     2 ||     9
       Spectral Weapon   |       |       |     6 ||     6
       Regeneration      |       |       |     3 ||     3
  Use: Scroll            |       |     9 |     1 ||    10
 Stab: Sleeping          |       |     1 |       ||     1
       Distracted        |       |       |     2 ||     2
  Eat: Chunk             |     3 |    15 |     7 ||    25
